 Dungeon Crawl Stone Soup version 0.31.0 (webtiles) character file.

Game seed: 12112739168352773994

175 qw the Shooter (level 5, -5/32 HPs)
             Began as a Gargoyle Hunter on Jan 19, 2024.
             Killed from afar by an orc wizard (7 damage)
             ... with a magic dart
             ... on level 3 of the Dungeon.
             The game lasted 00:00:07 (1529 turns).

qw the Shooter (Gargoyle Hunter)                    Turns: 1529, Time: 00:00:08

Health: -5/32      AC: 10    Str: 15    XL:     5   Next: 55%
Magic:  5/5        EV: 11    Int:  9    God:
Gold:   85         SH:  0    Dex: 15    Spells: 4/4 levels left

rFire   . . .        a - +0 shortbow
rCold   . . .        (shield currently unavailable)
rNeg    + . .        g - +0 ring mail
rPois   inf          (no helmet)
rElec   +            (no cloak)
rCorr   .            f - +0 pair of gloves
SInv    .            (no boots)
Will    .....        (no amulet)
Stlth   +            (no ring)
HPRegen 0.25/turn    (no ring)
MPRegen 0.09/turn

%: no passive effects
@: no status effects
A: sickness immunity, AC +4, negative energy resistance 1, electricity
resistance, torment resistance 1, petrification resistance
a: no special abilities


You were on level 3 of the Dungeon.
You visited 1 branch of the dungeon, and saw 3 of its levels.

You collected 85 gold pieces.


Innate Abilities, Weirdness & Mutations

You are immune to sickness and miasma.
Your stone body is resilient. (AC +4)
You are immune to poison.
You resist negative energy. (rN+)
You are resistant to electric shocks. (rElec)
You are resistant to unholy torment.
You are immune to petrification.


   Skills:
 + Level 3.4 Fighting
 - Level 6.0 Ranged Weapons
 - Level 1.0 Armour
 - Level 1.5 Dodging
 - Level 1.1 Stealth


You had 4 spell levels left.
You didn't know any spells.
Your spell library was empty.

Inventory:

Hand Weapons
 a - a +0 shortbow (weapon)
Armour
 b - a +0 helmet
 f - a +0 pair of gloves (worn)
 g - a +0 ring mail (worn)
Wands
 i - a wand of flame (30)
Potions
 d - 3 potions of curing
 h - a potion of resistance

Dungeon Overview and Level Annotations

Branches:
Dungeon (3/15)

Altars:

Annotations:
D:3 1 runed translucent door, Crazy Yiuf


Message History

You hear some strange, mumbled words.
A puff of flame appears from out of thin air!
The puff of flame hits you.
You shoot an arrow. The gnoll misses you.
Something hits you but does no damage.
You shoot an arrow. The arrow hits the gnoll.
The gnoll is almost dead.
The gnoll hits you from afar with a +0 spear.
Something hits you but does no damage. x2
An orc comes into view. It is wielding a +0 short sword.
The gnoll barely misses you.
You shoot an arrow. The arrow hits the gnoll.
You kill the gnoll!
You shoot an arrow. The arrow hits the orc.
The orc is lightly wounded.
You shoot an arrow. The arrow hits the orc.
The orc is heavily wounded.
The orc closely misses you.
You shoot an arrow. The arrow hits the orc.
You kill the orc!
1511 ||| FLEEEEING.
You hear some strange, mumbled words.
You are confused.
A puff of flame appears from out of thin air!
The puff of flame hits you! Something hits you but does no damage.
You feel less confused. Something hits you but does no damage.
You shoot an arrow. Something hits you but does no damage.
You hear some strange, mumbled words.
A puff of flame appears from out of thin air!
The puff of flame hits you.
1522 ||| FLEEEEING.
Something barely misses you.
A magic dart appears from out of thin air!
The magic dart hits you.
A magic dart appears from out of thin air!
The magic dart hits you!
You die...

.. ##### ###########.##.#
###.####...###..##.#.###.##.#
...))..............#...#.##.#
....####...###...#####...##.#
#########.## #.{...#...####.#
.....)...# ###.#.#)### #.#
########## #.#...# #.#
#.##)## #.# #@##)# #.# ###
#.##.# #.# ..# #.##.# #.# #.#
#[##)# #.# #<# #%)..# ##.##
#.# #.#### #...## #.# #.#
#...># #.# #.# #....#
######.# #.# ####.#


There were no monsters in sight!

Vanquished Creatures
  Robin (D:3)
  3 gnolls (D:3)
  7 adders
  8 orcs (D:3)
  5 endoplasms
  11 goblins
  8 hobgoblins
  3 kobolds
  4 quokkas
  3 ball pythons
  3 bats (D:3)
  6 frilled lizards
  5 rats
67 creatures vanquished.

Notes
Turn   | Place    | Note
-------+----------+-------------------------------------------
     0 | D:1      | qw the Gargoyle Hunter began the quest for the Orb.
     0 | D:1      | Reached XP level 1. HP: 12/12 MP: 1/1
     0 | D:1      | 0 ||| qw: Version: 0.3-a-132-g3d54051
     0 | D:1      | 0 ||| qw: Game counter: 7
     0 | D:1      | 0 ||| qw: Melee chars always use a shield: true
     0 | D:1      | 0 ||| qw: God list: Okawaru
     0 | D:1      | 0 ||| qw: Allow faded altars: false
     0 | D:1      | 0 ||| qw: Do Orc after clearing Dungeon:15 true
     0 | D:1      | 0 ||| qw: Do second Lair branch before Depths: true
     0 | D:1      | 0 ||| qw: Lair rune preference: random
     0 | D:1      | 0 ||| qw: Goals: Normal
     0 | D:1      | 0 ||| PLANNING D:1-11
   137 | D:1      | Reached XP level 2. HP: 17/17 MP: 2/2
   337 | D:1      | 337 ||| UPGRADING to +0 pair of gloves.
   342 | D:1      | 342 ||| READING scroll labelled BYBAMP YFFOLO.
   343 | D:1      | 343 ||| READING scroll labelled QUX WOEQEPT.
   343 | D:1      | 343 ||| IDENTIFYING scroll labelled QESHED PURGH
   344 | D:1      | 344 ||| READING scroll labelled FULAAG TIPN.
   445 | D:1      | 445 ||| DROPPING scroll of butterflies.
   446 | D:1      | 446 ||| DROPPING scroll of noise.
   475 | D:2      | 475 ||| STAIRDANCE
   486 | D:2      | 486 ||| STAIRDANCE
   495 | D:2      | 495 ||| STAIRDANCE
   524 | D:2      | Reached skill level 5 in Ranged Weapons
   524 | D:2      | Reached XP level 3. HP: 21/21 MP: 3/3
   564 | D:2      | Reached skill level 3 in Fighting
   633 | D:2      | Reached XP level 4. HP: 28/28 MP: 4/4
   914 | D:2      | 914 ||| UPGRADING to +0 ring mail.
   924 | D:2      | 924 ||| DROPPING +0 leather armour.
   925 | D:2      | 925 ||| READING 2 scrolls of identify.
   925 | D:2      | 925 ||| IDENTIFYING fuming amethyst potion
   926 | D:2      | 926 ||| READING scroll of identify.
   926 | D:2      | 926 ||| IDENTIFYING 3 blue potions
   927 | D:2      | 927 ||| READING scroll labelled MIYSTE TOCOMA.
   928 | D:2      | 928 ||| FLEEEEING.
   994 | D:3      | Reached skill level 1 in Armour
  1087 | D:3      | Noticed Robin
  1088 | D:3      | 1088 ||| FLEEEEING.
  1089 | D:3      | 1089 ||| FLEEEEING.
  1090 | D:3      | 1090 ||| FLEEEEING.
  1100 | D:3      | Killed Robin
  1115 | D:3      | Reached XP level 5. HP: 13/32 MP: 5/5
  1229 | D:3      | Found a runed translucent door.
  1230 | D:3      | Noticed Crazy Yiuf
  1445 | D:3      | Reached skill level 6 in Ranged Weapons
  1445 | D:3      | 1445 ||| FLEEEEING.
  1511 | D:3      | 1511 ||| FLEEEEING.
  1514 | D:3      | HP: 6/32 [something/puff of flame (8)]
  1521 | D:3      | HP: 3/32 [something/puff of flame (5)]
  1522 | D:3      | 1522 ||| FLEEEEING.
  1528 | D:3      | HP: 2/32 [something/magic dart (3)]
  1529 | D:3      | Killed from afar by an orc wizard

Levels and vault maps discovered:
D:1:      nicolae_arrival_washed_ashore, layout_rooms
D:2:      layout_rooms
D:3:      layout_loops_ring, serial_shops, nicolae_shop_gibbet_a_chance,
          uniq_crazy_yiuf_cottage, uniq_robin

Skill      XL: |  1  2  3  4  5 |
---------------+----------------+-----
Ranged Weapons | 5 6 |  6.0
Fighting       | 3 |  3.4
Armour         | 1 |  1.0
Dodging        | |  1.5
Stealth        | |  1.1

Action                     |  1- 3 |  4- 6 || total
---------------------------+-------+-------++-------
   Fire: Shortbow          |    71 |   113 ||   184
    Use: Scroll            |     3 |     3 ||     6
 Armour: Leather armour    |    18 |     2 ||    20
         Ring mail         |       |    56 ||    56
  Dodge: Dodged            |    20 |    51 ||    71

Table legend:
 A = Non-vault XP
 B = Vault XP
 C = Vault XP percentage of total XP
 D = Non-vault monster count
 E = Vault monster count
 F = Vault count percentage of total count
                 A         B        C        D         E       F
            +---------+---------+-------+---------+---------+-------
      Total |     216 |      35 |  13.9 |      55 |      12 |  17.9
            +---------+---------+-------+---------+---------+-------
        D:1 |      26 |       0 |   0.0 |      15 |       0 |   0.0
        D:2 |      62 |       0 |   0.0 |      18 |       0 |   0.0
        D:3 |     128 |      35 |  21.5 |      22 |      12 |  35.3
            +---------+---------+-------+---------+---------+-------
